 Dungeon Crawl Stone Soup version 0.30-a0-629-gd54f4be4f7 (webtiles) character file.

Game seed: 15364541400072438906

729 tilp the Ducker (level 8, -2/67 HPs)
             Began as a Meteoran Fighter on Jan 12, 2023.
             Was an Initiate of Okawaru.
             Slain by a steam dragon (3 damage)
             ... on level 7 of the Dungeon.
             The game lasted 00:07:43 (1363 turns).

tilp the Ducker (Meteoran Fighter)                  Turns: 1363, Time: 00:07:43

Health: -2/67      AC: 10    Str: 18    XL:     8   Next: 23%
Magic:  10/10      EV:  8    Int:  9    God:    Okawaru [......]
Gold:   93         SH:  5    Dex: 16    Spells: 7/7 levels left

rFire   . . .      SeeInvis +    a - +0 long sword (chaos)
rCold   . . .      Faith    .    c - +0 buckler
rNeg    . . .      Spirit   .    j - +0 chain mail
rPois   .          Reflect  .    (no helmet)
rElec   .          Harm     .    g - +0 cloak
rCorr   .          Rampage  .    (no gloves)
Will    +....                    (no boots) Stlth
                                 (no amulet)
HPRegen 0.31/turn                k - ring of see invisible
MPRegen 0.12/turn                (no ring)

@: glowing
A: sense surroundings 1, otherworldly, glowing, explore regen
a: Renounce Religion


You were on level 7 of the Dungeon.
You worshipped Okawaru.
Okawaru was noncommittal.
You visited 2 branches of the dungeon, and saw 9 of its levels.

You collected 93 gold pieces.

Inventory:

Hand Weapons
 a - a +0 long sword of chaos (weapon)
 b - a +2 dagger of draining
 m - a +3 dagger
Missiles
 f - 3 silver javelins
 n - 16 poisoned darts (quivered)
Armour
 c - a +0 buckler (worn)
 g - a +0 cloak (worn)
 j - a +0 chain mail (worn)
Jewellery
 k - a ring of see invisible (left hand)
Wands
 d - a wand of polymorph (1)
Scrolls
 p - a scroll of teleportation
Potions
 e - 2 potions of haste
 i - a potion of ambrosia
 l - a potion of magic {unknown}
 o - a potion of curing {unknown}
 r - 2 potions of mutation


   Skills:
 + Level 4.5 Fighting
 + Level 4.6 Long Blades
 + Level 3.0 Throwing
 + Level 4.6 Armour
 + Level 4.6 Dodging
 + Level 2.5 Stealth
 - Level 4.0 Shields
 * Level 1.7 Invocations
 + Level 1.0 Evocations


You had 7 spell levels left.
You didn't know any spells.
Your spell library was empty.

Dungeon Overview and Level Annotations

Branches:
Dungeon (8/15) Zot: 3393   Temple (1/1) D:5 Zot: 566
   Lair: D:8-11

Altars:
Ashenzari
Hepliaklqana
Makhleb
Okawaru
Qazlal
Ru
Trog
Vehumet
Xom
Zin

Annotations:
D:8 Erica


Innate Abilities, Weirdness & Mutations

You passively map a small area around you.
You are easily found by Zot.
You glow in the dark.
You regain HP and MP as you explore.


Message History

The steam dragon breathes steam at you. The ball of steam hits you.
The steam dragon bites you. You block the steam dragon's attack.
You hit the steam dragon but do no damage.
The steam dragon is heavily wounded.
The steam dragon barely misses you. You block the steam dragon's attack.
You barely miss the steam dragon.
The steam dragon is heavily wounded.
The phantom is engulfed in a cloud of scalding steam.
The steam dragon bites you but does no damage.
The steam dragon claws you.
You hit the steam dragon.
The steam dragon is severely wounded.
The phantom hits you but does no damage.
The steam dragon breathes steam at you. The ball of steam hits you!
* * * LOW HITPOINT WARNING * * *
The phantom completely misses you.
The steam dragon bites you but does no damage.
The steam dragon claws you.
* * * LOW HITPOINT WARNING * * *
The phantom hits you.
* * * LOW HITPOINT WARNING * * *
You hit the steam dragon. You freeze the steam dragon.
The steam dragon is almost dead.
The steam dragon bites you but does no damage.
The steam dragon claws you.
* * * LOW HITPOINT WARNING * * *
The phantom hits you but does no damage.
The steam dragon bites you but does no damage.
The steam dragon claws you.
* * * LOW HITPOINT WARNING * * *
Unknown command.
The phantom attacks as you move away!
The phantom hits you but does no damage.
The steam dragon attacks as you move away!
The steam dragon bites you.
* * * LOW HITPOINT WARNING * * *
The steam dragon claws you.
You die...

, *#..................* .#.
#..........#...... ...#
###..........##....,
...###................#,,
,#...#............##.#####
#............!.....##..##
..##...........##.....#....###
,
.........##.....#.....#...##.#
........####W@............#..#
.##.........D§#.......##.#....
,
.....###...>..........####....
............................##
.###................##...#.#.
#...............#####..#.#..
.................. .........
................#..####..... *
#..>.........###..# #.....


You could see a steam dragon (poisoned) and a phantom.

Vanquished Creatures
  2 ice beasts
  A phantom (D:5)
  2 kobold brigands
  2 scorpions
  A hound (D:5)
  An orc priest (D:5)
  2 orc wizards (D:6)
  3 adders
  A shadow imp (D:5)
  A white imp (D:6)
  3 worms
  A dart slug (D:2)
  10 orcs
  4 endoplasms (D:1)
  2 goblins
  5 hobgoblins
  2 jackals (D:1)
  11 kobolds
  6 quokkas
  A ball python (D:1)
  2 bats (D:1)
  3 frilled lizards
  4 rats
70 creatures vanquished.

Notes
Turn   | Place    | Note
-------+----------+-------------------------------------------
     0 | D:1      | tilp the Meteoran Fighter began the quest for the Orb.
     0 | D:1      | Reached XP level 1. HP: 19/19 MP: 2/2
    49 | D:1      | Reached XP level 2. HP: 21/26 MP: 3/3
    80 | D:1      | Reached skill level 1 in Dodging
   167 | D:1      | Found a faded altar of an unknown god.
   270 | D:1      | Reached XP level 3. HP: 13/31 MP: 4/4
   433 | D:2      | Reached XP level 4. HP: 18/38 MP: 5/5
   683 | D:5      | Entered Level 5 of the Dungeon
   691 | D:5      | Noticed a scorpion
   705 | D:5      | Killed a scorpion
   706 | D:5      | Reached skill level 1 in Throwing
   706 | D:5      | Reached skill level 1 in Stealth
   706 | D:5      | Reached XP level 5. HP: 12/46 MP: 6/6
   737 | D:5      | Noticed an ice beast
   750 | D:5      | Found a staircase to the Ecumenical Temple.
   750 | D:5      | Noticed a kobold brigand
   767 | D:4      | Killed an ice beast
   768 | D:4      | Reached XP level 6. HP: 41/52 MP: 7/7
   826 | D:4      | Found a shimmering altar of Xom.
   845 | D:5      | Reached XP level 7. HP: 47/59 MP: 8/8
   944 | Temple   | Entered the Ecumenical Temple
   969 | Temple   | Became a worshipper of Warmaster Okawaru
  1161 | D:6      | Reached skill level 1 in Invocations
  1161 | D:6      | Reached XP level 8. HP: 37/67 MP: 9/9
  1278 | D:6      | Reached skill level 1 in Evocations
  1347 | D:8      | Noticed Erica
  1347 | D:8      | Noticed a steam dragon
  1363 | D:7      | HP: 1/67 [steam dragon (4)]
  1363 | D:7      | Slain by a steam dragon

Illustrated notes

Levels and vault maps discovered:
D:1:      ncdulo_halloftheorcs, layout_loops_cross,
          ebering_ecumenical_altar_webs, st_stairs_8, minivault_24
D:2:      layout_basic, uniq_robin
D:3:      layout_basic, uniq_sigmund
D:4:      layout_cave_pools, kennysheep_mini_moat, glass_columns_a,
          uniq_blork_the_orc
D:5:      layout_rooms, minmay_temple_entry_crystal_x, minmay_misc_feat_encased,
          minmay_misc_feat_room
D:6:      layout_loops_corners, nicolae_overflow_two_pavilions,
          uniq_crazy_yiuf_cottage
D:7:      layout_cave_pools
D:8:      layout_rooms, mainiacjoe_overflow_alcove_4, gammafunk_ghost_split,
          uniq_erica, uniq_maurice
Temple:   eino_narrow_crystal_temple

Skill      XL: |  1  2  3  4  5  6  7  8 |
---------------+-------------------------+-----
Dodging        | 1 2 3 4 |  4.6
Shields        | 4 |  4.0
Long Blades    | 3 4 |  4.6
Throwing       | 1 2 3 |  3.0
Armour         | 4 |  4.6
Stealth        | 1 2 |  2.5
Fighting       | 4 |  4.5
Invocations    | 1 |  1.7
Evocations     | 1 |  1.0

Action                   |  1- 3 |  4- 6 |  7- 9 || total
-------------------------+-------+-------+-------++-------
Melee: Long sword        |   101 |    62 |   117 ||   280
Throw: Stone             |     2 |       |       ||     2
       Dart              |       |       |     3 ||     3
  Use: Potion            |       |     3 |       ||     3
       Scroll            |       |       |     6 ||     6
Armor: Scale mail        |    38 |       |       ||    38
       Chain mail        |    11 |    41 |    76 ||   128
Dodge: Dodged            |    24 |    23 |    30 ||    77
Block: Buckler           |    27 |    22 |    26 ||    75

Table legend: (Time is in decaauts)
 A = Elapsed time spent in this place.
 B = Non-inter-level travel time spent in this place.
 C = Inter-level travel time spent in this place.
 D = Time resting spent in this place.
 E = Time spent auto-exploring this place.
 F = Levels seen in this place.
 G = Mean time per level.
                   A        B        C        D        E       F      G
               +--------+--------+--------+--------+--------+-----+--------+
         Total |   1440 |   1241 |    199 |      0 |      0 |   9 |  160.0 |
       Dungeon |   1406 |   1225 |    181 |      0 |      0 |   8 |  175.8 |
        Temple |     33 |     15 |     18 |      0 |      0 |   1 |   33.0 |
               +--------+--------+--------+--------+--------+-----+--------+

Top non-repeatable levels by time:
     D:5: 376 daAuts
     D:1: 308 daAuts
     D:6: 210 daAuts
     D:2: 206 daAuts
     D:3: 195 daAuts
     D:7: 59 daAuts
     D:4: 48 daAuts
  Temple: 33 daAuts
     D:8: 1 daAuts
